 Dungeon Crawl Stone Soup version 0.29.1-12-g30fa7ad0bf (webtiles) character file.

Game seed: 1463345510591276345

496 MisterFreud the Trooper (level 7, -1/58 HPs)
             Began as a Formicid Hunter on Dec 17, 2022.
             Was a Believer of Uskayaw.
             Slain by an iguana (4 damage)
             ... on level 5 of the Dungeon.
             The game lasted 00:06:21 (4314 turns).

MisterFreud the Trooper (Formicid Hunter)           Turns: 4314, Time: 00:06:22

Health: -1/58      AC:  4    Str: 15 (18) XL:     7   Next: 38%
Magic:  7/7        EV: 11    Int:  6 (8)  God:    Uskayaw [**....]
Gold:   186        SH:  0    Dex: 14 (17) Spells: 6/6 levels left

rFire   . . .      SeeInvis +   a - +0 shortbow
rCold   . . .      Faith    .   (no shield)
rNeg    . . .      Spirit   .   c - +1 leather armour
rPois   .          Reflect  .   (helmet unavailable)
rElec   .          Harm     .   (no cloak)
rCorr   .          Rampage  .   (no gloves)
Will    .....                   (no boots)
Stlth   +.........              (no amulet)
HPRegen 0.19/turn               (no ring)
MPRegen 0.10/turn               (no ring)

@: no status effects
A: permanent stasis, dig shafts and tunnels, antennae 3, four strong arms
a: Dig, Shaft Self, Renounce Religion, Stomp, Line Pass


You were on level 5 of the Dungeon.
You worshipped Uskayaw.
Uskayaw was noncommittal.
You visited 1 branch of the dungeon, and saw 5 of its levels.

You collected 186 gold pieces.

Inventory:

Hand Weapons
 a - a +0 shortbow (weapon)
Armour
 c - a +1 leather armour (worn)
 j - a +0 scale mail
Wands
 p - a wand of polymorph (14)
Scrolls
 b - a scroll of immolation
 d - 2 scrolls of amnesia
 i - 2 scrolls of enchant armour
 k - a scroll of butterflies
 o - 3 scrolls of torment {unknown}
Potions
 e - 2 potions of lignification
 f - 2 potions of berserk rage {unknown}
 g - a potion of flight {unknown}
 h - 2 potions of degeneration
 l - a potion of cancellation {unknown}
 m - a potion of heal wounds {unknown}
 n - a potion of brilliance {unknown}


   Skills:
 - Level 6.0 Fighting
 - Level 6.0 Ranged Weapons
 + Level 2.6 Armour
 - Level 1.7 Dodging
 - Level 1.2 Stealth


You had 6 spell levels left.
You didn't know any spells.
Your spell library was empty.

Dungeon Overview and Level Annotations

Branches:
Dungeon (5/15)
 Temple: D:4-7

Altars:
Cheibriados
Dithmenos
Gozag
Uskayaw
Vehumet
Yredelemnul

Annotations:
D:4 3 runed translucent doors, gargbit's ghost, weakling OpDe


Innate Abilities, Weirdness & Mutations

You cannot be hasted, slowed, berserked, paralysed or teleported.
You can dig through walls and to a lower floor.
You have a pair of large antennae on your head. (SInv)
Your four strong arms can wield two-handed weapons with a shield.


Message History

Fire: a) +0 shortbow
Press: ? - help, Q - select action, (/) - cycle Shift-Dir - straight line, f/p - iguana
Aim: an iguana (almost dead, 69% to hit)
You shoot an arrow. The arrow barely misses the iguana.
The iguana bites you!
* * * LOW HITPOINT WARNING * * *
An orc comes into view. It is wielding a +0 hand axe.
The orc misses you.
Unknown command.
Fire: a) +0 shortbow
Press: ? - help, Q - select action, (/) - cycle Shift-Dir - straight line, f/p - iguana
Aim: an iguana (almost dead, 69% to hit)
You shoot an arrow.
The arrow hits the iguana but does no damage.
The iguana is almost dead.
The iguana closely misses you. The orc hits you with a +0 hand axe.
* * * LOW HITPOINT WARNING * * *
The orc closely misses you.
An ogre comes into view. It is wielding a +0 giant spiked club.
The iguana bites you.
* * * LOW HITPOINT WARNING * * *
The orc completely misses you. The orc hits you with a +0 hand axe.
* * * LOW HITPOINT WARNING * * *
Fire: a) +0 shortbow
Press: ? - help, Q - select action, (/) - cycle Shift-Dir - straight line, f/p - iguana
Aim: an iguana (almost dead, 69% to hit)
You shoot an arrow.
The arrow hits the iguana but does no damage.
The iguana is almost dead.
The orc barely misses you. The iguana bites you!
* * * LOW HITPOINT WARNING * * *
The orc closely misses you. x2
Unknown command.
Unknown command.
Unknown command.
It was a potion of degeneration.
There was something very wrong with that liquid.
You feel weakened.
You feel dopey.
You feel clumsy. The iguana bites you.
You die...

#. #. { #.##
#... #..###
#.##.oO.#####
#...ooo......
#@# #l# #.#
#.# ... #.#
#.# #.#


You could see an ogre, an iguana and 4 orcs.

Vanquished Creatures
  Sigmund (D:3)
  An ogre (D:3)
  A phantom (D:4)
  An orc wizard (D:4)
  4 adders
  3 gnolls (D:3)
  An ufetubus (D:4)
  A dart slug (D:1)
  3 orcs (D:4)
  9 endoplasms
  4 giant cockroaches
  8 goblins
  8 hobgoblins
  3 jackals (D:1)
  2 quokkas
  2 ball pythons
  7 bats
  2 frilled lizards
  8 kobolds
  3 rats
72 creatures vanquished.

Notes
Turn   | Place    | Note
-------+----------+-------------------------------------------
     0 | D:1      | MisterFreud the Formicid Hunter began the quest for the
                  | Orb.
     0 | D:1      | Reached XP level 1. HP: 16/16 MP: 1/1
    85 | D:1      | Reached XP level 2. HP: 8/23 MP: 2/2
   632 | D:1      | Reached XP level 3. HP: 29/29 MP: 3/3
   983 | D:1      | Found a faded altar of an unknown god.
  1617 | D:2      | Reached XP level 4. HP: 37/37 MP: 4/4
  2526 | D:3      | Found a hide-covered altar of Uskayaw.
  2658 | D:3      | Found a radiant altar of Vehumet.
  2989 | D:3      | Found a shadowy altar of Dithmenos.
  3004 | D:3      | Noticed Sigmund
  3013 | D:3      | Killed Sigmund
  3014 | D:3      | Reached skill level 5 in Fighting
  3014 | D:3      | Reached skill level 5 in Ranged Weapons
  3014 | D:3      | Reached XP level 5. HP: 29/46 MP: 5/5
  3014 | D:3      | Reached XP level 6. HP: 33/52 MP: 6/6
  3278 | D:3      | Noticed an ogre
  3285 | D:3      | Killed an ogre
  3286 | D:3      | Reached XP level 7. HP: 58/58 MP: 7/7
  3719 | D:4      | Found an opulent altar of Gozag.
  3769 | D:4      | Reached skill level 1 in Armour
  3818 | D:4      | Found a snail-covered altar of Cheibriados.
  3881 | D:4      | Found a basalt altar of Yredelemnul.
  3917 | D:3      | Became a worshipper of Uskayaw the Reveller
  3943 | D:4      | Reached * piety under Uskayaw
  3946 | D:4      | Reached ** piety under Uskayaw
  3993 | D:4      | Found a runed translucent gate.
  4045 | D:4      | Found a runed translucent gate.
  4046 | D:4      | Found a runed translucent gate.
  4134 | D:4      | Noticed gargbit's ghost (weakling OpDe)
  4304 | D:5      | Entered Level 5 of the Dungeon
  4314 | D:5      | Slain by an iguana

Illustrated notes

Levels and vault maps discovered:
D:1:      dpeg_arrival_rooms_b, layout_loops_corners,
          hellmonk_ecumenical_altar_prayer_group, st_stairs_11,
          minmay_box_of_dots
D:2:      layout_loops_cross
D:3:      layout_basic, mainiacjoe_overflow_boulevard,
          nicolae_uskayaw_dance_hall, nicolae_dithmenos_the_darkroom,
          chequers_arboretum, uniq_sigmund
D:4:      layout_rooms, kennysheep_mini, nicolae_gozag_seed_capital,
          mainiacjoe_overflow_concentric_impassable, ebering_ghost_rock_garden
D:5:      layout_loops_ring, nicolae_qazlal_scattered_showers,
          gammafunk_temple_overflow_pools, serial_shops, shop,
          patterned_corridor

Skill      XL: |  1  2  3  4  5  6  7 |
---------------+----------------------+-----
Fighting       | 3 5 6 |  6.0
Ranged Weapons | 5 6 |  6.0
Armour         | 2 |  2.6
Dodging        | |  1.7
Stealth        | |  1.2

Action                   |  1- 3 |  4- 6 |  7- 9 || total
-------------------------+-------+-------+-------++-------
 Fire: Shortbow          |    93 |    76 |    56 ||   225
 Abil: Dig               |     1 |       |       ||     1
  Use: Scroll            |     3 |     2 |     2 ||     7
       Potion            |       |       |     1 ||     1
Armor: Leather armour    |    21 |     7 |     8 ||    36
Dodge: Dodged            |    34 |    27 |    16 ||    77
